 Dungeon Crawl Stone Soup version 0.26.1-2-gb8aa6d0cf2 (webtiles) character file.

Game seed: 8368078041310521914

255 hawla the Conjurer (level 5, 0/29 HPs)
             Began as a Deep Elf Conjurer on Feb 26, 2021.
             Slain by an orc priest
             ... wielding a +0 war axe
              (3 damage)
             ... on level 4 of the Dungeon.
             The game lasted 00:07:30 (4387 turns).

hawla the Conjurer (Deep Elf Conjurer)              Turns: 4387, Time: 00:07:30

Health: 0/29       AC:  4    Str:  0    XL:     5   Next: 91%
Magic:  11/11      EV: 13    Int: 24    God:
Gold:   250        SH:  0    Dex: 15    Spells: 3/10 levels left

rFire    . . .     SeeInvis .   (no weapon)
rCold    . . .     Faith    .   (no shield)
rNeg     + . .     Spirit   .   a - +2 robe
rPois    .         Reflect  .   (no helmet)
rElec    .         Harm     .   (no cloak)
rCorr    +         Rampage  .   (no gloves)
Will     .....                  (no boots)
Stlth    +++.......             (no amulet)
HPRegen  0.02/turn              h - ring of positive energy
MPRegen  0.12/turn              n - ring of resist corrosion

@: mighty, slowed, lost strength, very slow
A: agile 1, weak 2
a: no special abilities


You were on level 4 of the Dungeon.
You visited 1 branch of the dungeon, and saw 4 of its levels.

You collected 250 gold pieces.

Inventory:

Armour
 a - a +2 robe (worn)
Jewellery
 h - a ring of positive energy (left hand)
 n - a ring of resist corrosion (right hand)
Wands
 c - a wand of enslavement (9)
 g - a wand of digging (8)
Scrolls
 b - 2 scrolls of identify
 d - 3 scrolls of magic mapping
 f - a scroll of enchant weapon
 l - 2 scrolls of blinking
Potions
 e - a potion of magic
 i - 2 potions of cancellation
 j - a potion of berserk rage


   Skills:
 - Level 1.0 Fighting
 - Level 3.0 Dodging
 - Level 4.0 Stealth
 - Level 3.0 Spellcasting
 + Level 6.2 Conjurations
 - Level 3.0 Translocations


You had 3 spell levels left.
You knew the following spells:

 Your Spells              Type           Power        Failure   Level
a - Magic Dart            Conj           100%         1%          1
b - Searing Ray           Conj           66%          1%          2
c - Iskenderun's Mystic   Conj/Tloc      25%          16%         4

Your spell library contained the following spells:

 Spells                   Type           Power        Failure   Level
 Foxfire                  Conj/Fire      72%          3%          1
 Dazzling Flash           Conj/Hex       36%          9%          3
 Fulminant Prism          Conj/Hex       9%           30%         4


Dungeon Overview and Level Annotations

Branches:
Dungeon (4/15)
 Temple: D:4-7

Altars:
Dithmenos
Ru
Sif Muna
Trog


Innate Abilities, Weirdness & Mutations

You are agile. (Dex +2)
You are very weak. (Str -4)


Message History

The orc wizard hits you with a +0 dagger.
* * * LOW HITPOINT WARNING * * *
The orc priest hits you but does no damage.
It was a potion of might.
You feel very mighty all of a sudden.
The orc wizard gestures wildly while chanting.
The orc wizard blinks!
The orc wizard gestures at you while chanting.
The magic dart hits you!
* * * LOW HITPOINT WARNING * * *
The orc priest closely misses you.
The orc wizard points at you and mumbles some strange words.
The magic dart hits you.
* * * LOW HITPOINT WARNING * * *
You bump into the rock wall.
You feel less invigorated.
You feel less confused.
The orc priest hits you with a +0 war axe.
* * * LOW HITPOINT WARNING * * *
The orc priest hits you with a +0 war axe.
You die...

.# . ## .
##
.###.).
.#.#) .o.
#o# #@#
#§# #.#
#.# #.#
#.# #o#
#.# #.#
#.#######
#.#
#.#.....†
#.#
#.#.#####
#.# #.#.#


You could see an orc priest, an orc wizard (fast) and an orc.

Vanquished Creatures
  A big kobold (D:4)
  A worker ant (D:4)
  A hound skeleton (D:4)
  A gnoll (D:3)
  6 adders
  A white imp (D:3)
  An ooze (D:2)
  3 worms
  2 dart slugs (D:2)
  A leopard gecko (D:3)
  9 orcs
  2 giant cockroaches (D:3)
  3 goblins
  4 hobgoblins
  3 jackals (D:1)
  2 ball pythons (D:3)
  5 bats
  2 frilled lizards (D:3)
  7 kobolds
  8 rats
63 creatures vanquished.

Notes
Turn   | Place    | Note
-------+----------+-------------------------------------------
     0 | D:1      | hawla the Deep Elf Conjurer began the quest for the Orb.
     0 | D:1      | Reached XP level 1. HP: 10/10 MP: 6/6
   223 | D:1      | Reached XP level 2. HP: 15/15 MP: 4/8
   944 | D:1      | Learned a level 2 spell: Searing Ray
  1193 | D:2      | Reached skill level 1 in Translocations
  1558 | D:2      | Reached XP level 3. HP: 20/20 MP: 5/9
  1781 | D:2      | Found a shadowy altar of Dithmenos.
  1903 | D:2      | Found a sacrificial altar of Ru.
  2029 | D:2      | Reached skill level 1 in Fighting
  2301 | D:3      | Reached XP level 4. HP: 20/25 MP: 1/10
  2488 | D:3      | Found a shimmering blue altar of Sif Muna.
  2559 | D:3      | Identified Sif Muna's Tome of Ignition
  2565 | D:3      | Found a bloodstained altar of Trog.
  2673 | D:3      | Reached skill level 5 in Conjurations
  3020 | D:3      | Learned a level 4 spell: Iskenderun's Mystic Blast
  3799 | D:4      | Gained mutation: You are weak. (Str -2) [potion of
                  | mutation]
  3799 | D:4      | Lost strength.
  3799 | D:4      | Gained mutation: You are very weak. (Str -4) [potion of
                  | mutation]
  3799 | D:4      | Gained mutation: You are agile. (Dex +2) [potion of
                  | mutation]
  3810 | D:4      | Noticed a big kobold
  3817 | D:4      | Killed a big kobold
  3818 | D:4      | Reached XP level 5. HP: 22/29 MP: 3/11
  4108 | D:4      | Reached skill level 6 in Conjurations
  4387 | D:4      | Slain by an orc priest

Illustrated notes

Levels and vault maps discovered:
D:1:      nicolae_arrival_memento_mori, layout_loops_ring,
          corexii_leaking_fountain
D:2:      layout_basic, old_standard_altar, kennysheep_small_spiral,
          nicolae_ru_path_of_blood
D:3:      layout_basic, nzn_overflow_gifts_of_might_and_magic
D:4:      layout_loops_ring, pdpol_wu_jian_five_deadly_venoms, uniq_robin

Skill      XL: |  1  2  3  4  5 |
---------------+----------------+-----
Translocations | 1 3 |  3.0
Stealth        | 3 4 |  4.0
Dodging        | 3 |  3.0
Fighting       | 1 |  1.0
Conjurations   | 5 6 |  6.2
Spellcasting   | |  3.0

Action                   |  1- 3 |  4- 6 || total
-------------------------+-------+-------++-------
Melee: Unarmed           |    20 |       ||    20
 Cast: Magic Dart        |    32 |    11 ||    43
       Searing Ray       |    16 |    20 ||    36
  Use: Scroll            |    10 |     3 ||    13
       Potion            |       |     4 ||     4
Armor: Robe              |    10 |     3 ||    13
Dodge: Dodged            |    23 |    11 ||    34
